 Dungeon Crawl Stone Soup version 0.28-a0-1182-g381e24db82 (console) character file.

Game seed: 2962452531666583535

91540 jejorda2 the Warrior (level 15, -4/145 HPs)
             Began as a Palentonga Berserker on Dec 16, 2021.
             Was an Elder of Trog.
             Slain by an orc warrior (7 damage)
             ... led by an orc warlord
             ... while paralysed by an ogre mage
             ... on level 2 of the Orcish Mines.
             The game lasted 01:08:01 (28210 turns).

jejorda2 the Warrior (Palentonga Berserker)        Turns: 28210, Time: 01:08:02

Health: -4/145     AC: 31    Str: 32    XL:     15   Next: 55%
Magic:  15/15      EV:  1    Int: 10    God:    Trog [****..]
Gold:   2175       SH:  0    Dex: 15    Spells: 14/14 levels left

rFire   + + .      SeeInvis +   a - +3 scimitar (flame)
rCold   . . .      Faith    +   u - +1 kite shield {rN+}
rNeg    + . .      Spirit   .   J - +1 scale mail {rPois}
rPois   +          Reflect  .   g - +2 helmet
rElec   +          Harm     .   Q - +1 cloak {rF+}
rCorr   .          Rampage  .   l - +2 pair of gloves
Will    .....                   R - +0 barding
Stlth   ..........              E - amulet "Buomno" {Faith rElec Will- Str+4 Int+2}
HPRegen 0.34/turn               e - +6 ring of dexterity
MPRegen 0.14/turn               N - ring of protection from fire

@: paralysed, studying Short Blades, curled up
A: large, rugged brown scales 3, see invisible, deformed body, roll 1, armoured
tail, reflexive curl
a: Rolling Charge, Renounce Religion, Berserk, Trog's Hand, Brothers in Arms


You were on level 2 of the Orcish Mines.
You worshipped Trog.
Trog was greatly pleased with you.
You visited 3 branches of the dungeon, and saw 22 of its levels.
You also visited: Volcano.

You collected 2175 gold pieces.

Inventory:

Hand Weapons
 a - a +3 scimitar of flaming (weapon)
 b - a +3 short sword of electrocution
Missiles
 h - 528 stones
 j - a curare-tipped dart
 m - a throwing net
 q - 36 boomerangs (quivered)
 s - 121 poisoned darts
 v - 3 javelins
Armour
 g - a +2 helmet (worn)
 l - a +2 pair of gloves (worn)
 u - a +1 kite shield of positive energy (worn)
 y - a +0 scale mail of cold resistance
 J - a +1 scale mail of poison resistance (worn)
 Q - a +1 cloak of fire resistance (worn)
 R - a +0 barding (worn)
Jewellery
 e - a +6 ring of dexterity (left hand)
 E - the amulet "Buomno" (around neck) {Faith rElec Will- Str+4 Int+2}
   (You found it on level 6 of the Dungeon)

   [amulet of faith]

   It allows you to gain divine favour quickly.
   Str:       It affects your strength (+4).
   Int:       It affects your intelligence (+2).
   rElec:     It insulates you from electricity.
   Will:      It decreases your willpower.
 N - a ring of protection from fire (right hand)
 P - a ring of ice
Wands
 n - a wand of acid (10)
 A - a wand of charming (4)
 C - a wand of flame (41)
 D - a wand of iceblast (11)
 F - a wand of paralysis (11)
 H - a wand of mindburst (5)
 M - a wand of polymorph (4)
 O - a wand of digging (1)
Scrolls
 f - 6 scrolls of magic mapping
 o - 8 scrolls of teleportation
 w - 2 scrolls of fog
 x - 3 scrolls of blinking
 z - 2 scrolls of identify
 B - 5 scrolls of fear
Potions
 c - 2 potions of heal wounds
 d - 3 potions of mutation
 i - 6 potions of haste
 k - 6 potions of flight
 p - 4 potions of lignification
 r - 3 potions of cancellation
 t - 6 potions of curing
 G - a potion of berserk rage
 I - 3 potions of attraction
 K - 2 potions of resistance
 L - 2 potions of might
 S - a potion of ambrosia


   Skills:
 - Level 17.9 Fighting
 - Level 14.0(15.4) Short Blades
 - Level 11.0(14.0) Long Blades
 - Level 3.3 Axes
 - Level 9.0 Armour
 - Level 9.0 Dodging
 * Level 6.9 Shields
 - Level 6.0 Evocations


You had 14 spell levels left.
You didn't know any spells.
Your spell library was empty.

Dungeon Overview and Level Annotations

Branches:
Dungeon (14/15)            Temple (0/1) D:4            Lair (6/6) D:8
  Swamp (0/4) Lair:3        Snake (0/4) Lair:4        Slime (0/5) Lair:6
    Orc (2/2) D:11         Vaults (0/5) D:13        Volcano (visited)
    Elf: Orc:2

Altars:
Ashenzari
Elyvilon
Gozag
Trog
Uskayaw
Vehumet
Zin
Jiyva

Shops:
D:5 *

Annotations:
D:3 3 runed translucent doors, GoddamnPoopooFuck's ghost, amateur OpVM
Lair:6 1 runed translucent door


Innate Abilities, Weirdness & Mutations

You are completely covered in rugged brown scales. (AC +3, +7% HP)
You have supernaturally acute eyesight. (SInv)
Armour fits poorly on your strangely shaped body.
You can roll at nearby foes to attack.
You have a long armoured tail.
You curl defensively after being hit. (AC +7*)


Message History

The ogre hits you with a +0 giant spiked club!
The two-headed ogre hits you but does no damage.
The two-headed ogre barely misses you.
The orc warrior hits you but does no damage.
The orc warrior hits you from afar with a +0 trident.
The ogre hits you with a +0 giant spiked club.
The ogre hits you but does no damage.
The orc warlord roars a battlecry!
The orcs go into a battle-frenzy!
You hear a shout!
You hear two shouts!
The orc wizard hits you with a +0 dagger.
The orc warrior hits you with a +2 long sword of holy wrath!
The orc warrior hits you from afar with a +0 trident!
The ogre hits you but does no damage.
The two-headed ogre hits you but does no damage. x2
The ogre hits you with a +0 giant spiked club.
The ogre shouts!
You hear two shouts!
You hear a shout! x2
The ogre hits you with a +0 giant club!
The orc warrior hits you with a +2 long sword of holy wrath!
* * * LOW HITPOINT WARNING * * *
The orc wizard points at you and mumbles some strange words.
The magic dart hits you!
* * * LOW HITPOINT WARNING * * *
The orc warrior hits you but does no damage.
The ogre hits you with a +0 giant spiked club.
* * * LOW HITPOINT WARNING * * *
The two-headed ogre hits you with a +0 giant club.
* * * LOW HITPOINT WARNING * * *
The two-headed ogre hits you with a +0 giant club!
* * * LOW HITPOINT WARNING * * *
The ogre hits you with a +0 giant spiked club!
* * * LOW HITPOINT WARNING * * *
The orc wizard gestures wildly while chanting.
The orc wizard flickers and vanishes for a moment.
The orc wizard hits you but does no damage.
The orc warrior hits you with a +2 long sword of holy wrath.
* * * LOW HITPOINT WARNING * * *
The two-headed ogre hits you but does no damage. x2
The orc warrior hits you from afar with a +0 trident!
You die...

.o...###.....
o....#......
..........
#o......##.
#..........
#..o.......
#.ooO......
#.O@O......
#..OO......
#.OO.......
#O.........
...........
............
O.#..........
...#..........
....#..$......


You could see an orc warlord, 2 two-headed ogres, an ogre mage (invisible), 2
orc warriors, 6 ogres, 2 orc wizards and an orc (strong).

Vanquished Creatures
  Jorgrun (D:12)
  Rupert (D:13)
  Frances (D:12)
  Nessos (D:13)
  A red draconian (Volcano)
  Snorg (Lair:4)
  Josephine (Lair:3)
  Fannar (D:10)
  8 vault guards
  10 hydras
  5 two-headed ogres
  11 death yaks
  A tengu warrior (D:13)
  A salamander mystic (Volcano)
  Nergalle (Lair:1)
  3 skeletal warriors (D:13)
  A lindwurm (Lair:2)
  2 bog bodies (Lair:3)
  3 deep elf pyromancers
  An oklob plant (Lair:6)
  An ugly thing (D:12)
  3 cyclopes
  4 salamanders (Volcano)
  7 elephants
  4 manticores
  Joseph (D:10)
  8 black mambas
  4 molten gargoyles (Volcano)
  A torpor snail (Lair:2)
  9 gargoyles
  2 rime drakes
  13 cane toads
  2 unseen horrors
  Psyche (D:8)
  An efreet (D:14)
  5 komodo dragons
  A tengu conjurer (D:13)
  3 trolls
  4 polar bears
  5 hornets
  18 blink frogs
  2 dream sheep (Lair:6)
  Grinder (D:5)
  22 slime creatures
  3 shadows
  Sigmund (D:2)
  42 yaks
  12 spriggans (Lair:6)
  4 wraiths
  A basilisk (Lair:5)
  A vampire (D:7)
  6 wyverns
  A steam dragon (Lair:3)
  Edmund (D:5)
  An acid dragon (D:13)
  14 water moccasins
  An ice beast (D:6)
  14 orc warriors
  5 black bears
  A meliai simulacrum (D:14)
  A hornet zombie (D:9)
  2 sky beasts
  A necrophage (D:7)
  4 ogres
  5 boggarts (Lair:6)
  34 wolves
  A centaur (D:7)
  2 kobold brigands
  8 bullfrogs
  3 scorpions
  2 water moccasin skeletons (D:5)
  8 wights
  3 howler monkeys
  2 jellies
  4 centaur zombies
  A bullfrog zombie (D:5)
  4 hounds
  Crazy Yiuf (D:2)
  8 orc priests
  2 gnoll shamans
  4 centaur skeletons
  Terence (D:2)
  4 iguanas
  21 orc wizards
  2 killer bee zombies
  A hound skeleton (D:4)
  12 gnolls
  5 adders
  A shadow imp (D:8)
  2 white imps
  An ufetubus (D:4)
  2 worms
  47 orcs
  7 ball pythons
  A bat (D:2)
  8 endoplasms
  4 giant cockroaches
  6 goblins
  3 hobgoblins
  4 jackals (D:3)
  3 quokkas
  4 frilled lizards
  21 kobolds
  6 rats
551 creatures vanquished.

Vanquished Creatures (collateral kills)
  4 death yaks (Lair:6)
  A skeletal warrior (D:13)
  3 elephants
  A black mamba (Lair:4)
  2 blink frogs (Lair:6)
  5 yaks
  A water moccasin (Lair:6)
  A black bear (Lair:5)
  2 butterflies (Lair:6)
20 creatures vanquished.

Vanquished Creatures (others)
  27 fungi
  60 plants
87 creatures vanquished.

Grand Total: 658 creatures vanquished

Notes
Turn   | Place    | Note
-------+----------+-------------------------------------------
     0 | D:1      | jejorda2 the Palentonga Berserker began the quest for the
                  | Orb.
     0 | D:1      | Reached XP level 1. HP: 19/19 MP: 1/1
   116 | D:1      | Reached XP level 2. HP: 25/25 MP: 2/2
   173 | D:1      | Found a faded altar of an unknown god.
   712 | D:2      | Reached skill level 1 in Short Blades
   761 | D:2      | Noticed Terence
   761 | D:2      | Reached ** piety under Trog
   770 | D:2      | Killed Terence
   771 | D:2      | Reached XP level 3. HP: 20/28 MP: 3/3
  1045 | D:2      | Found a hide-covered altar of Uskayaw.
  1150 | D:2      | Reached XP level 4. HP: 38/38 MP: 2/4
  1289 | D:2      | Noticed Sigmund
  1298 | D:2      | Killed Sigmund
  1299 | D:2      | Reached skill level 4 in Fighting
  1299 | D:2      | Reached XP level 5. HP: 44/44 MP: 5/5
  1522 | D:2      | Found a runed translucent door.
  1523 | D:2      | Noticed Crazy Yiuf
  1531 | D:2      | Killed Crazy Yiuf
  1532 | D:2      | Reached XP level 6. HP: 51/51 MP: 6/6
  2026 | D:3      | Found a runed translucent gate.
  2040 | D:3      | Found a runed translucent gate.
  2041 | D:3      | Found a runed translucent gate.
  2043 | D:3      | Found an opulent altar of Gozag.
  2047 | D:3      | Noticed GoddamnPoopooFuck's ghost (amateur OpVM)
  2625 | D:4      | Found a staircase to the Ecumenical Temple.
  2936 | D:4      | Identified the +1 robe of Wariness {+Blink rF++ rCorr
                  | Str-3}
  3046 | D:4      | Identified the +1 leather armour "Ommyez" {Will++ Str-4
                  | Int+3 Dex+3}
  3427 | D:5      | Entered Level 5 of the Dungeon
  3438 | D:5      | Reached skill level 5 in Short Blades
  3438 | D:5      | Gained mutation: You curl defensively after being hit. (AC
                  | +7*) [Palentonga growth]
  3438 | D:5      | Reached XP level 7. HP: 58/58 MP: 7/7
  3465 | D:4      | Reached skill level 5 in Fighting
  3888 | D:5      | Found Dyigro's Mass Market.
  4115 | D:5      | Noticed Edmund
  4127 | D:5      | Killed Edmund
  4128 | D:5      | Reached XP level 8. HP: 67/67 MP: 6/8
  4174 | D:5      | Found a radiant altar of Vehumet.
  4195 | D:5      | Reached *** piety under Trog
  4538 | D:5      | Noticed Grinder
  4552 | D:5      | Killed Grinder
  4553 | D:5      | Reached skill level 6 in Fighting
  4822 | D:6      | Identified the amulet "Buomno" {Faith rElec Will- Str+4
                  | Int+2}
  4914 | D:6      | Identified a scroll of acquirement
  4914 | D:6      | Acquired a manual of Short Blades
  5109 | D:6      | Reached skill level 5 in Armour
  5638 | D:7      | Reached XP level 9. HP: 73/73 MP: 9/9
  5997 | D:7      | Reached skill level 10 in Short Blades
  6413 | D:8      | Found a staircase to the Lair.
  6431 | D:8      | Reached **** piety under Trog
  6584 | D:8      | You fall into a shaft and drop 3 floors!
  6646 | D:10     | Entered Level 10 of the Dungeon
  6886 | D:9      | Reached skill level 7 in Fighting
  7049 | D:9      | Reached XP level 10. HP: 79/84 MP: 10/10
  7690 | D:8      | Noticed Psyche
  7713 | D:8      | Killed Psyche
  8027 | D:7      | Noticed a gargoyle
  8048 | D:7      | Killed a gargoyle
  8049 | D:7      | Reached skill level 8 in Fighting
  8095 | D:7      | Noticed a manticore
  8123 | D:7      | Killed a manticore
  8124 | D:7      | Reached skill level 5 in Dodging
  8269 | D:7      | Noticed a two-headed ogre
  8283 | D:7      | Killed a two-headed ogre
  8288 | D:7      | Reached skill level 9 in Fighting
  8402 | D:7      | Reached ***** piety under Trog
  8918 | D:10     | Noticed Fannar
  8938 | D:10     | Killed Fannar
  9024 | D:10     | Noticed a two-headed ogre
  9038 | D:10     | Reached XP level 11. HP: 95/95 MP: 11/11
  9043 | D:10     | Killed a two-headed ogre
  9047 | D:10     | Reached skill level 10 in Fighting
  9933 | D:10     | Noticed Joseph
  9946 | D:10     | Killed Joseph
 10256 | D:11     | Noticed an eight-headed hydra
 10264 | D:11     | Killed an eight-headed hydra
 10565 | D:11     | Found a glowing silver altar of Zin.
 10588 | D:11     | Reached skill level 1 in Evocations
 10780 | D:11     | Reached skill level 11 in Fighting
 11104 | D:11     | Found a staircase to the Orcish Mines.
 11333 | Lair:1   | Entered Level 1 of the Lair of Beasts
 11362 | Lair:1   | Noticed Nergalle
 11371 | Lair:1   | Killed Nergalle
 11413 | Lair:1   | Identified the +0 plate armour of the Okapi {Rampage rElec
                  | Str+3}
 11437 | Lair:1   | Noticed a four-headed hydra
 11443 | Lair:1   | Killed a four-headed hydra
 12062 | Lair:1   | You fall into a shaft and drop 1 floor!
 12158 | Lair:2   | Reached XP level 12. HP: 107/107 MP: 12/12
 12158 | Lair:2   | Noticed a six-headed hydra
 12174 | Lair:2   | Killed a six-headed hydra
 13129 | Lair:2   | Reached skill level 5 in Evocations
 13148 | Lair:2   | Reached skill level 12 in Fighting
 13777 | Lair:2   | Noticed a death yak
 13784 | Lair:2   | Killed a death yak
 14394 | Lair:3   | Noticed an eight-headed hydra
 14394 | Lair:3   | Noticed a seven-headed hydra
 14405 | Lair:3   | Killed an eight-headed hydra
 14409 | Lair:3   | Killed a seven-headed hydra
 14668 | Lair:3   | Reached XP level 13. HP: 72/115 MP: 13/13
 14968 | Lair:3   | Found a staircase to the Swamp.
 15821 | Lair:4   | Noticed Snorg
 15828 | Lair:4   | Killed Snorg
 16192 | Lair:4   | Reached skill level 1 in Long Blades
 16206 | Lair:4   | Noticed Josephine
 16218 | Lair:3   | Killed Josephine
 16413 | Lair:4   | Received a gift from Trog
 16590 | Lair:4   | Found a staircase to the Snake Pit.
 16605 | Lair:4   | Found a white marble altar of Elyvilon.
 17538 | Lair:5   | Reached skill level 13 in Fighting
 17538 | Lair:5   | Reached skill level 5 in Long Blades
 18713 | Lair:5   | Acquired a manual of Fighting
 18979 | Lair:6   | Entered Level 6 of the Lair of Beasts
 19058 | Lair:6   | Reached skill level 14 in Fighting
 19063 | Lair:6   | Reached XP level 14. HP: 88/128 MP: 14/14
 19214 | Lair:6   | Reached skill level 15 in Fighting
 19273 | Lair:6   | Found a dark tunnel.
 19427 | Volcano  | Entered a volcano
 20176 | Volcano  | Noticed an orb of fire
 20206 | Volcano  | Noticed an orb of fire
 20248 | Volcano  | Reached skill level 16 in Fighting
 21103 | Lair:6   | Found a bloodstained altar of Trog.
 21355 | Lair:6   | Reached skill level 1 in Shields
 21907 | Lair:6   | Reached skill level 17 in Fighting
 22024 | Lair:6   | Reached skill level 10 in Long Blades
 22142 | Lair:6   | Found a runed translucent door.
 22143 | Lair:6   | Found a viscous altar of Jiyva.
 22144 | Lair:6   | Found a staircase to the Slime Pits.
 22144 | Lair:6   | Noticed an acid blob
 23456 | D:12     | Noticed Frances
 23468 | D:12     | Killed Frances
 23640 | D:12     | Received a gift from Trog
 23814 | D:12     | Noticed Jorgrun
 23824 | D:12     | Killed Jorgrun
 23825 | D:12     | Reached XP level 15. HP: 143/143 MP: 15/15
 23951 | D:12     | Identified the +1 plate armour "Doleik" {Harm Rampage}
 24046 | D:13     | Found a gate to the Vaults.
 25366 | D:13     | Noticed Nessos
 25377 | D:13     | Killed Nessos
 25855 | D:13     | Reached skill level 5 in Shields
 26138 | D:13     | Noticed Rupert
 26151 | D:13     | Killed Rupert
 26965 | D:14     | Found a broken altar of Ashenzari.
 27718 | Orc:1    | Entered Level 1 of the Orcish Mines
 28177 | Orc:2    | Entered Level 2 of the Orcish Mines
 28204 | Orc:2    | Paralysed by an ogre mage for 7 turns
 28204 | Orc:2    | Noticed an orc warlord
 28210 | Orc:2    | HP: 7/145 [ogre (7)]
 28210 | Orc:2    | HP: 3/145 [orc warrior[an orc warlord] (4)]
 28210 | Orc:2    | Slain by an orc warrior

Illustrated notes

Levels and vault maps discovered:
D:1:      co_arrival_hexagon_in_a_hexagon, layout_loops_cross,
          basic_ecumenical_altar
D:2:      layout_basic, basic_altar, uniq_terence, uniq_crazy_yiuf_cottage,
          uniq_sigmund
D:3:      layout_loops_ring, ebering_ghost_gozag
D:4:      layout_basic, minmay_temple_entry_drinking_statues,
          kennysheep_generic_room_13
D:5:      layout_basic, mainiacjoe_overflow_six_doors_small, minmay_shop_mass,
          kennysheep_small_circle, uniq_edmund, uniq_grinder
D:6:      layout_basic
D:7:      minmay_klotski, layout_gridville
D:8:      layout_rooms, lair_entry_dummy, hangedman_decor_lopped, uniq_psyche
D:9:      layout_basic, serial_bayou_crossing
D:10:     layout_grid_maze, uniq_joseph, uniq_fannar
D:11:     layout_roguey, orc_0_dummy, zin_treasury
D:12:     layout_roguey, item_on_display_b, uniq_frances, uniq_jorgrun
D:13:     nicolae_cairo_tiling_large_dashed, layout_long_grid, erik_vaults_2,
          serial_co_window_serial, co_window_paths_b, co_window_paths_a,
          co_window_of_opportunity_a, co_window_paths_a, co_window_paths_a,
          co_window_paths_c, co_window_broadway_a, co_window_corner_b,
          co_window_4corner_b, glass_columns_a, glass_columns_a,
          glass_columns_b, glass_columns_a, glass_columns_a, uniq_nessos,
          uniq_rupert
D:14:     layout_loops_ring, evilmike_ruin_ashenzari,
          minmay_misc_feat_secret_circle
Lair:1:   layout_cave_pods, uniq_nergalle
Lair:2:   layout_layer_cave, minmay_shattered_shrine
Lair:3:   layout_cave_pods, skrybe_swamp_entry_bodies
Lair:4:   layout_long_grid, minmay_snake_entry_six_corridors, basic_altar,
          uniq_josephine, uniq_snorg
Lair:5:   cheibrodos_lair_overgrown_chateau, layout_cave_pods
Lair:6:   minmay_lair_end_enchanted_forest, layout_gridlike, slime_altar_2,
          basic_altar, lightli_volcano_entry_magma_tube, lemuel_fruit_fields
Orc:1:    layout_caves, david_defended_altar_orc
Orc:2:    st_orc_ogre_mass, layout_caves, nicolae_orc_bridge_out

Skill      XL: |  1  2  3  4  5  6  7  8  9 10 11 12 13 14 15 |
---------------+----------------------------------------------+-----
Short Blades   | 1 2 3 5 6 9 12 14 | 14.0
Armour         | 2 3 4 5 6 7 9 |  9.0
Fighting       | 4 5 6 7 9 11 12 14 17 | 17.9
Dodging        | 3 6 8 9 |  9.0
Evocations     | 4 6 |  6.0
Long Blades    | 6 10 11 | 11.0
Shields        | 3 6 |  6.9
Axes           | |  3.3

Action                   |  1- 3 |  4- 6 |  7- 9 | 10-12 | 13-15 || total
-------------------------+-------+-------+-------+-------+-------++-------
Melee: Hand axe          |    11 |       |       |       |       ||    11
       Tailslap          |     7 |    16 |    53 |   132 |   285 ||   493
       Short sword       |    66 |   121 |   227 |   579 |  1026 ||  2019
       Dagger            |       |       |   123 |       |       ||   123
       Long sword        |       |       |       |     4 |     1 ||     5
       Rapier            |       |       |       |       |    73 ||    73
       Scimitar          |       |       |       |       |    73 ||    73
Throw: Dart              |       |     7 |       |       |     2 ||     9
       Boomerang         |       |       |       |     2 |     6 ||     8
Invok: Berserk           |     2 |     4 |     7 |    17 |    24 ||    54
       Trog's Hand       |       |     1 |     1 |     4 |     9 ||    15
       Brothers in Arms  |       |       |       |     2 |     6 ||     8
 Abil: Rolling Charge    |    26 |    23 |    39 |    40 |    65 ||   193
Evoke: Wand              |       |       |       |       |     7 ||     7
  Use: Scroll            |       |       |    14 |    12 |     9 ||    35
 Stab: Invisible         |       |       |       |     4 |       ||     4
Armor: Animal skin       |     8 |       |       |       |       ||     8
       Ring mail         |     3 |    49 |    56 |   191 |       ||   299
       Skin              |     1 |       |       |       |       ||     1
       Leather armour    |       |     5 |    70 |       |       ||    75
       Scale mail        |       |       |       |       |   312 ||   312
       Robe              |       |       |       |       |    18 ||    18
Dodge: Dodged            |    28 |    57 |   118 |   224 |   358 ||   785
Block: Buckler           |       |       |       |       |    48 ||    48
       Kite shield       |       |       |       |       |    35 ||    35

Table legend: (Time is in decaauts)
 A = Elapsed time spent in this place.
 B = Non-inter-level travel time spent in this place.
 C = Inter-level travel time spent in this place.
 D = Time resting spent in this place.
 E = Time spent auto-exploring this place.
 F = Levels seen in this place.
 G = Mean time per level.
                   A        B        C        D        E       F      G
               +--------+--------+--------+--------+--------+-----+--------+
         Total |  27784 |  26259 |   1525 |   3727 |  19079 |  23 | 1208.0 |
       Dungeon |  16077 |  15007 |   1070 |   1914 |  11109 |  14 | 1148.4 |
          Lair |   9859 |   9430 |    429 |   1259 |   6996 |   6 | 1643.2 |
  Orcish Mines |    484 |    459 |     25 |     98 |    274 |   2 |  242.0 |
       Volcano |   1362 |   1362 |      0 |    455 |    700 |   1 | 1362.0 |
               +--------+--------+--------+--------+--------+-----+--------+

Top non-repeatable levels by time:
  Lair:6: 2228 daAuts
    D:12: 2020 daAuts
  Lair:2: 1928 daAuts
  Lair:3: 1912 daAuts
  Lair:5: 1908 daAuts
    D:13: 1826 daAuts
     D:7: 1496 daAuts
 Volcano: 1362 daAuts
    D:10: 1337 daAuts
    D:11: 1304 daAuts
     D:9: 1135 daAuts
     D:4: 1125 daAuts
  Lair:4: 1116 daAuts
     D:2: 1084 daAuts
     D:5: 1074 daAuts
